 Dungeon Crawl Stone Soup version 0.19-a0-805-g0a78ef0 (webtiles) character file.

14609 Laan the Cleaver (level 12, -3/97 HPs)
             Began as a Formicid Fighter on June 27, 2016.
             Was an Elder of the Shining One.
             Slain by an 11-headed hydra (4 damage)
             ... on level 11 of the Dungeon.
             The game lasted 00:22:15 (11036 turns).

Laan the Cleaver (Formicid Fighter)                Turns: 11036, Time: 00:22:16

Health: -3/97      AC: 13    Str: 26    XL:     12   Next: 47%
Magic:  12/12      EV: 10    Int:  8    God:    the Shining One [****..]
Gold:   750        SH: 12    Dex: 10    Spells: 0 memorised, 11 levels left

rFire  + . .     SeeInvis +     G - +0 broad axe
rCold  + . .     Gourm    .     N - +3 ring mail {rF+}
rNeg   + + .     Faith    .     c - +0 shield
rPois  +         Spirit   .     (helmet unavailable)
rElec  .         Dismiss  .     e - +0 cloak
rCorr  .         Reflect  .     m - +0 pair of gloves
SustAt .         Harm     .     (no boots)
MR     +....                    a - amulet of regeneration
Stlth  ..........               L - ring of protection from cold
                                l - ring of poison resistance

@: glowing, somewhat resistant to hostile enchantments, extremely unstealthy
A: permanent stasis, dig shafts and tunnels, four strong arms, antennae 3
a: Dig, Shaft Self, Divine Shield, Cleansing Flame, Renounce Religion


You were on level 11 of the Dungeon.
You worshipped the Shining One.
The Shining One was greatly pleased with you.
You were hungry.

You visited 1 branch of the dungeon, and saw 11 of its levels.
You also visited: Bailey.

You collected 750 gold pieces.

Inventory:

Hand Weapons
 G - a +0 broad axe (weapon)
Armour
 c - a +0 shield (worn)
 e - a +0 cloak (worn)
 m - a +0 pair of gloves (worn)
 N - a +3 ring mail of fire resistance (worn)
Jewellery
 a - an amulet of regeneration (around neck)
 l - a ring of poison resistance (left hand)
 x - an uncursed ring of sustain attributes
 L - a ring of protection from cold (right hand)
Wands
 d - a wand of lightning (0/15)
 w - a wand of digging (14/24)
 C - a wand of paralysis (5/24)
 O - a wand of lightning (12/15)
Scrolls
 g - 3 scrolls of amnesia
 k - a scroll of identify
 z - a scroll of magic mapping
 D - 3 scrolls of enchant weapon
 I - 4 scrolls of recharging
 J - a scroll of enchant armour
 P - 2 scrolls of remove curse
Potions
 h - 3 potions of cancellation
 j - a potion of ambrosia
 n - a potion of beneficial mutation {unknown}
 p - a potion of brilliance {unknown}
 u - a potion of berserk rage {unknown}
 A - a potion of lignification {unknown}
 B - 4 potions of flight
 H - a potion of invisibility
 M - 2 potions of agility
Comestibles
 b - 20 royal jellies
 f - 7 bread rations
 o - 3 meat rations


   Skills:
 + Level 10.2 Fighting
 * Level 12.1 Axes
 + Level 10.3 Armour
 + Level 10.8 Shields


You had 11 spell levels left.
You didn't know any spells.

Dungeon Overview and Level Annotations

Branches:
Dungeon (11/15)            Temple (0/1) D:4            Lair (0/6) D:11
    Orc (0/2) D:9

Altars:
Gozag
Nemelex Xobeh
Sif Muna
Trog
Vehumet
The Shining One

Shops:
D:4 [   D:9 *[(


Innate Abilities, Weirdness & Mutations

You are under a permanent stasis effect.
You can dig through walls and to a lower floor.
Your four strong arms can wield two-handed weapons with a shield.
You have a pair of large antennae on your head. (SInv)


Message History

The 11-headed hydra bites you but does no damage.
Evoke which item? (* to show all) (? for menu, Esc to quit)
Zapping:
O - a wand of lightning {recharged} (will waste charges)
Press: ? - help, Shift-Dir - straight line, f/p - 11-headed hydra
Aim: an 11-headed hydra (lightly wounded, haloed)
You hear a mighty clap of thunder!
The bolt of lightning hits the 11-headed hydra.
The 11-headed hydra is moderately wounded.
Evoking this partially-identified wand wasted a few charges.
The 11-headed hydra bites you but does no damage.
The 11-headed hydra bites you.
* * * LOW HITPOINT WARNING * * *
You block the 11-headed hydra's attack.
The 11-headed hydra bites you but does no damage.
The 11-headed hydra bites you!
* * * LOW HITPOINT WARNING * * *
The 11-headed hydra bites you.
* * * LOW HITPOINT WARNING * * *
The 11-headed hydra bites you.
You die...

#.......####.......
#.......#....>.....
#.......#.##.......
#.......'.##.......
#.......####....>..
#####'### ######.#
####.# #.# #....#
##.# ##@##### #.(#
#..D...# #(##
#......# ##(##
#......'..#####.)(.
#......##.....'.)))
#..[...# ######..).
#......# #....
#....).# ####'
######## ##.


You could see a 11-headed hydra.

Vanquished Creatures
  Erica (D:8)
  The ghost of iroha the Fighter, a novice DsMo of Gozag (D:9)
  An unseen horror (D:11)
  2 hill giants
  An oklob plant (D:11)
  The ghost of KuKumber the Cudgeler, a novice OgHu (D:5)
  An ugly thing (D:11)
  A cyclops (D:11)
  Joseph (D:7)
  A gargoyle (D:10)
  Psyche (D:8)
  A kobold demonologist (D:11)
  2 trolls
  2 two-headed ogres (D:10)
  A queen bee (D:11)
  Prince Ribbit (D:7)
  4 yaks (D:9)
  A wyvern (D:11)
  A wraith (D:11)
  A steam dragon (D:11)
  A hungry ghost (D:8)
  2 hippogriffs (D:11)
  6 orc warriors
  2 ice beasts
  A black bear (D:7)
  A phantom (D:5)
  9 centaurs
  A big kobold (D:11)
  2 giant frogs
  A gnoll sergeant (D:10)
  4 scorpions
  The ghost of KuKumber the Chucker, a weakling OgHu (D:3)
  31 killer bees
  3 wights (D:9)
  3 howler monkeys
  6 crimson imps
  A giant frog zombie (D:9)
  4 hounds
  8 jellies
  Crazy Yiuf (D:5)
  3 centaur skeletons
  2 giant frog skeletons
  A gnoll shaman (D:5)
  7 orc priests
  30 orc wizards
  7 worker ants
  2 sheep (D:11)
  A hound zombie (D:9)
  2 worker ant zombies
  A howler monkey zombie (D:6)
  13 gnolls
  2 howler monkey skeletons
  9 adders
  3 shadow imps
  7 oozes
  3 adder skeletons
  2 worms (D:2)
  3 dart slugs
  9 giant geckos
  32 orcs
  A ball python (D:2)
  4 bats
  3 giant cockroaches
  6 goblins
  6 hobgoblins
  9 jackals
  17 kobolds
  5 quokkas
  2 giant gecko zombies
  3 giant newts
  4 rats
  A plant (D:11)
314 creatures vanquished.

Vanquished Creatures (collateral kills)
  An orc (D:8)
1 creature vanquished.

Grand Total: 315 creatures vanquished

Notes
Turn   | Place    | Note
--------------------------------------------------------------
     0 | D:1      | Laan the Formicid Fighter began the quest for the Orb.
     0 | D:1      | Reached XP level 1. HP: 18/18 MP: 1/1
   270 | D:1      | Reached XP level 2. HP: 18/24 MP: 2/2
   515 | D:1      | Reached XP level 3. HP: 23/29 MP: 3/3
   906 | D:2      | Found a bloodstained altar of Trog.
   951 | D:2      | Reached skill level 3 in Axes
  1084 | D:2      | Reached XP level 4. HP: 13/35 MP: 4/4
  1603 | D:2      | You fall through a shaft!
  1621 | D:3      | Noticed KuKumber's ghost (weakling OgHu)
  1632 | D:3      | Killed KuKumber's ghost
  1632 | D:3      | Reached XP level 5. HP: 32/42 MP: 5/5
  2130 | D:3      | Reached skill level 4 in Axes
  2208 | D:3      | Found a deep blue altar of Sif Muna.
  2260 | D:3      | Found a glowing golden altar of the Shining One.
  2260 | D:3      | Found a radiant altar of Vehumet.
  2265 | D:3      | Became a worshipper of the Shining One
  2280 | D:3      | Found an opulent altar of Gozag.
  2449 | D:4      | Reached XP level 6. HP: 40/48 MP: 6/6
  2482 | D:4      | Found Esackidu's Armour Emporium.
  2724 | D:4      | Found a staircase to the Ecumenical Temple.
  2801 | D:4      | Reached XP level 7. HP: 47/55 MP: 7/7
  2823 | D:4      | Reached skill level 5 in Shields
  2972 | D:4      | Reached skill level 5 in Axes
  3434 | D:5      | Entered Level 5 of the Dungeon
  3510 | D:5      | Reached skill level 5 in Armour
  3711 | D:5      | Reached skill level 5 in Fighting
  3711 | D:5      | Reached XP level 8. HP: 35/62 MP: 8/8
  3973 | D:5      | Reached skill level 6 in Axes
  4072 | D:5      | Reached * piety under the Shining One
  4079 | D:5      | Noticed KuKumber's ghost (novice OgHu)
  4093 | D:5      | Killed KuKumber's ghost
  4093 | D:5      | Reached XP level 9. HP: 30/69 MP: 9/9
  4270 | D:5      | Reached skill level 7 in Axes
  4397 | D:5      | Found a runed door.
  4402 | D:5      | Noticed Crazy Yiuf
  4404 | D:5      | Killed Crazy Yiuf
  4679 | D:6      | You fall through a shaft!
  4694 | D:7      | Noticed Prince Ribbit
  4699 | D:7      | Killed Prince Ribbit
  4789 | D:7      | Reached skill level 8 in Axes
  4894 | D:7      | Found a flagged portal.
  4894 | D:7      | Noticed Joseph
  4894 | D:7      | Reached ** piety under the Shining One
  4915 | D:7      | Killed Joseph
  4977 | Bailey   | Entered a bailey
  5235 | D:7      | Reached XP level 10. HP: 68/77 MP: 10/10
  6337 | D:8      | Reached skill level 9 in Axes
  6348 | D:8      | Noticed Erica
  6348 | D:8      | Noticed Psyche
  6360 | D:8      | Killed Psyche
  6375 | D:8      | Killed Erica
  7716 | D:9      | Reached skill level 10 in Axes
  7721 | D:9      | Reached XP level 11. HP: 56/86 MP: 11/11
  7934 | D:9      | Noticed iroha's ghost (novice DsMo)
  7934 | D:9      | Reached *** piety under the Shining One
  7953 | D:9      | Killed iroha's ghost
  8151 | D:9      | Found Rythroptey's Weapon Boutique.
  8153 | D:9      | Found a staircase to the Orcish Mines.
  8156 | D:9      | Found Kigid's Armour Boutique.
  8234 | D:9      | Found a sparkling altar of Nemelex Xobeh.
  8248 | D:9      | Found Kikul's Assorted Antiques.
  8853 | D:10     | Entered Level 10 of the Dungeon
  9459 | D:10     | Reached skill level 11 in Axes
  9494 | D:10     | Noticed a hill giant
  9503 | D:10     | HP: 1/89 [hill giant/giant club (31)]
  9505 | D:10     | Killed a hill giant
 10191 | D:11     | Reached **** piety under the Shining One
 10242 | D:11     | Noticed a cyclops
 10243 | D:11     | Noticed an unseen horror
 10256 | D:11     | Killed a cyclops
 10256 | D:11     | Reached skill level 10 in Shields
 10263 | D:11     | Killed an unseen horror
 10306 | D:11     | Noticed a hill giant
 10318 | D:11     | Killed a hill giant
 10318 | D:11     | Reached XP level 12. HP: 65/96 MP: 12/12
 10635 | D:11     | Reached skill level 10 in Armour
 10674 | D:11     | Reached skill level 10 in Fighting
 10801 | D:11     | Reached skill level 12 in Axes
 10916 | D:11     | Found a staircase to the Lair.
 11024 | D:11     | Noticed a five-headed hydra
 11036 | D:11     | HP: 1/97 [11-headed hydra (4)]
 11036 | D:11     | Slain by an 11-headed hydra

Vault maps used:
D:1:      sevenhm_arrival_forest_fort_small_5, corexii_item_surrounded_by_moat
D:2:      nicolae_overflow_crystal_walls, first_bread,
          kennysheep_generic_room_13
D:3:      lemuel_doored_altar, old_standard_altar,
          gammafunk_temple_overflow_wave, serial_bayou_pond_b
D:4:      serial_shops, shop
D:5:      uniq_crazy_yiuf_cottage
D:7:      minmay_flawed_box, enter_bailey_2, uniq_joseph, uniq_prince_ribbit1
D:8:      uniq_erica, uniq_psyche
D:9:      nemelex_xobeh_ov_fountains_minmay, orc_david_3, serial_shops, shop
D:10:     hangedman_little_slice_of_home, hangedman_abyss_or_decor_passed
D:11:     dpeg_oklobed_lair
Bailey:   bailey_polearm_flooded_kennysheep, bailey

Skill      XL: |  1  2  3  4  5  6  7  8  9 10 11 12 |
---------------+-------------------------------------+-----
Axes           | 3 4 5 6 8 10 11 12 | 12.1
Armour         | 4 5 6 7 8 9 10 | 10.3
Shields        | 4 5 6 7 9 10 | 10.8
Fighting       | 4 5 6 8 9 10 | 10.2

Action                   |  1- 3 |  4- 6 |  7- 9 | 10-12 || total
-------------------------+-------+-------+-------+-------++-------
Melee: War axe           |   100 |   173 |   211 |       ||   484
       Broad axe         |       |       |    51 |   571 ||   622
Evoke: Wand              |       |       |       |     2 ||     2
  Use: Scroll            |     3 |     2 |     1 |    16 ||    22
       Potion            |       |       |       |    10 ||    10
  Eat: Chunk             |     1 |     6 |     7 |    12 ||    26
       Fruit             |       |       |       |     9 ||     9
       Pizza             |       |       |       |     2 ||     2
Armor: Scale mail        |    29 |       |       |       ||    29
       Chain mail        |    20 |    87 |   102 |       ||   209
       Ring mail         |       |       |     8 |   228 ||   236
Dodge: Dodged            |    31 |    52 |    65 |   233 ||   381
Block: Shield            |    75 |    94 |   133 |   420 ||   722
